AoeStats
← 乔木

MegaRandom

507693037Analyzed
3v3 RM · 14d ago on Sep 19, 2026· 20m 4s· 6 players
Game mode
Random Map
Map size
Normal (6 player)
Population
200
Speed
Normal
Resources
Standard
Victory
Conquest
Starting age
Dark Age
Ending age
Imperial Age
RankedLock teamsTeams togetherTeam positionsShared explorationLock speedFull tech treeHidden civsTurbo modeCheats
Victory
Defeat
🇨🇳 Slavs · China
833
+13
🇨🇳 Cumans · China
831
+13
🇨🇳 Koreans · China
793
+14
🇮🇳 Berbers · India
822
-16
🇹🇼 Italians · Taiwan
756
-13
🇺🇸 Burgundians · United States
706
-11
WiryLearner2495
parkmihan
aj153
3:07 Loom
10:23 Feudal Age
11:26 Double-Bit Axe
13:36 Town Watch
17:47 Castle Age
18:50 Stone Mining
18:52 Fletching
章鱼哥
16:42 Feudal Age
19:08 Forging
18:50 Fletching
19:01 Padded Archer Armor
帅气的酷酷
6:14 Loom
14:35 Feudal Age
15:10 Man-at-Arms
15:54 Double-Bit Axe
乔木
12:39 Feudal Age
12:48 Man-at-Arms
13:28 Arson
18:31 Forging
Connection lost

Rejoining the realm…

Still unreachable

The connection could not be restored.

Session expired

The server has moved on; the page needs a fresh start.